 Dungeon Crawl Stone Soup version 0.17-a0-1596-g1e86911 (webtiles) character file.

56 carl the Ruffian (level 3, -2/37 HPs)
             Began as a Troll Monk on July 30, 2015.
             Was a Follower of Ru.
             Slain by an orc priest
             ... wielding a +0 short sword
              (5 damage)
             ... on level 4 of the Dungeon.
             The game lasted 00:03:14 (1615 turns).

carl the Ruffian (Troll Monk)                       Turns: 1615, Time: 00:03:14

Health: -2/37      AC:  5    Str: 19    XL:     3   Next: 71%
Magic:  2/2        EV:  5    Int:  7    God:    Ru [*.....]
Gold:   129        SH:  0    Dex: 12    Spells: 0 memorised, 2 levels left

rFire  . . .     SeeInvis .       - Unarmed
rCold  . . .     Clarity  .     a - +0 robe
rNeg   . . .     SustAt   .     (no shield)
rPois  .         Gourm    +     (helmet restricted)
rElec  .         Spirit   .     (no cloak)
rCorr  +         Warding  .     (gloves unavailable)
rMut   .         Stasis   .     (boots unavailable)
MR     .....                    o - amulet of resist corrosion
Stlth  ..........               (no ring)
                                u - ring of loudness (curse)

@: lethally poisoned (-2 -> -3), no scrolls, drained, not resistant to hostile
enchantments, extremely unstealthy
A: unfitting armour, claws 3, fast metabolism 3, gourmand, regeneration 2,
shaggy fur 1, tough skin 2, inability to read while threatened
a: Renounce Religion


You were on level 4 of the Dungeon.
You worshipped Ru.
Ru was aware of your devotion.
You were very full.

You visited 1 branch of the dungeon, and saw 4 of its levels.

You collected 129 gold pieces.

Inventory:

Armour
 a - a +0 robe (worn)
Jewellery
 o - an amulet of resist corrosion (around neck)
 u - a cursed ring of loudness (left claw)
Scrolls
 c - 4 scrolls of identify {unknown}
 d - a scroll of blinking {unknown}
 f - a scroll of teleportation {unknown}
 i - 2 scrolls of magic mapping {unknown}
 j - a scroll of enchant armour {unknown}
 k - 2 scrolls of remove curse {unknown}
 m - a scroll of amnesia {unknown}
 q - 3 scrolls of enchant weapon {unknown}
 t - a scroll of fog {unknown}
Potions
 e - a potion of lignification {unknown}
 g - a potion of mutation {unknown}
 h - a potion of agility {unknown}
 l - a potion of curing {unknown}
Comestibles
 b - 2 bread rations
 n - 7 fruits
 p - 2 meat rations
 r - a royal jelly
 s - 3 chunks of flesh


   Skills:
 + Level 3.0(2.4) Fighting
 - Level 2.4(1.8) Dodging
 - Level 1.1(0.5) Stealth
 - Level 5.0(4.3) Unarmed Combat


You had 2 spell levels left.
You didn't know any spells.

Dungeon Overview and Level Annotations

Branches:
Dungeon (4/15)
 Temple: D:4-7

Altars:
Cheibriados
Dithmenos
Kikubaaqudgha
Okawaru
Ru
Trog
The Shining One

Shops:
D:4 (

Annotations:
D:4 Sigmund


Innate Abilities, Weirdness & Mutations

You are too large for most types of armour.
You have claws for hands.
Your metabolism is lightning-fast.
You like to eat raw meat.
You heal very quickly.
You are covered in fur (AC +1).
You have very tough skin (AC +2).
You cannot read scrolls while threatened.


Message History

An orc and an orc priest come into view.
The orc priest shouts!
You hear a shout!
The orc priest invokes the aid of Beogh against you.
Pain shoots through your body!
Found a ring mail.
An orc comes into view.
The scorpion stings you!
* * * LOW HITPOINT WARNING * * *
You are poisoned.
The scorpion poisons you!
The orc priest hits you with a short sword.
* * * LOW HITPOINT WARNING * * *
You feel sick.
You feel sick.
You feel sick.
You feel sick.
You feel sick. The orc priest barely misses you.
There is a stone staircase leading down here.
The orc priest hits you with a short sword.
You die...

...........##
.
.###..####.#
. #.#####..
#...[o..#
#.o##..##
#..# # #o.#
#os## #@..#
#.#.# ..#.#
..##.# .## .#
.. ##


You could see a scorpion, an orc priest and 2 orcs.

Vanquished Creatures
  An ooze (D:3)
  2 ball pythons (D:2)
  2 giant cockroaches
  8 hobgoblins
  11 kobolds
  6 bats
  3 giant newts (D:1)
  3 goblins
  7 jackals
  2 quokkas
  4 rats
49 creatures vanquished.

Notes
Turn   | Place    | Note
--------------------------------------------------------------
     0 | D:1      | carl the Troll Monk began the quest for the Orb.
     0 | D:1      | Reached XP level 1. HP: 22/22 MP: 0/0
     1 | D:1      | Noticed a tentacled monstrosity
     3 | D:1      | Noticed a shadow dragon
     3 | D:1      | Noticed an ice dragon
     6 | D:1      | Noticed an iron dragon
     8 | D:1      | Noticed a mottled draconian
    10 | D:1      | Noticed an orb of fire
    10 | D:1      | Noticed a large abomination
    12 | D:1      | Noticed a purple draconian
    12 | D:1      | Noticed an ice dragon
    14 | D:1      | Noticed an iron dragon
    14 | D:1      | Noticed an orb of fire
    16 | D:1      | Noticed a shadow dragon
    16 | D:1      | Noticed a large abomination
    16 | D:1      | Noticed a large abomination
    18 | D:1      | Noticed a tentacled monstrosity
    20 | D:1      | Noticed an ice dragon
   317 | D:1      | Reached XP level 2. HP: 23/29 MP: 1/1
   867 | D:2      | Found an ancient bone altar of Kikubaaqudgha.
   967 | D:2      | Reached skill level 5 in Unarmed Combat
   967 | D:2      | Reached XP level 3. HP: 36/36 MP: 2/2
   984 | D:2      | Found an iron altar of Okawaru.
  1412 | D:3      | Found a shadowy altar of Dithmenos.
  1413 | D:3      | Found a snail-covered altar of Cheibriados.
  1413 | D:3      | Found a bloodstained altar of Trog.
  1418 | D:3      | Found a sacrificial altar of Ru.
  1426 | D:3      | Became a worshipper of Ru the Awakened
  1440 | D:3      | Gained mutation: You cannot read scrolls while threatened. [Ru sacrifice]
  1440 | D:3      | Acquired Ru's first power
  1520 | D:3      | Found a glowing golden altar of the Shining One.
  1589 | D:4      | Noticed Sigmund
  1592 | D:4      | Noticed a scorpion
  1592 | D:4      | Found Kikku's Weapon Shoppe.
  1615 | D:4      | Slain by an orc priest

Vault maps used:
D:1:      shiori_arrival_whats_in_store_for_you, minivault_4
D:2:      nicolae_overflow_hidden_temple, okawaru_ov_weapons_minmay
D:3:      lemuel_doored_altar, lemuel_crystal_altar, grunt_temple_overflow_open
D:4:      kennysheep_little_box, first_bread, serial_shops, shop, uniq_sigmund

Action                   || total
-------------------------++-------
Melee: Unarmed           ||   118
Invok: Sacrifice Words   ||     1
 Stab: Sleeping          ||     2
  Eat: Chunk             ||    18
